 Dungeon Crawl Stone Soup version 0.19.1 (webtiles) character file.

205 Ladykiller69 the Magician (level 5, -5/28 HPs)
             Began as a Deep Elf Wizard on Dec 9, 2016.
             Slain by an ogre
             ... wielding a +0 giant club
              (21 damage)
             ... on level 3 of the Dungeon.
             The game lasted 00:08:56 (2002 turns).

Ladykiller69 the Magician (Deep Elf Wizard)         Turns: 2002, Time: 00:08:57

Health: -5/28      AC:  3    Str:  3 (4)  XL:     5   Next: 53%
Magic:  1/14       EV: 13    Int: 24      God:
Gold:   57         SH:  0    Dex: 13      Spells: 5 memorised, 3 levels left

rFire  . . .     SeeInvis .     (no weapon)
rCold  . . .     Gourm    .     a - +0 robe
rNeg   . . .     Faith    .     (no shield)
rPois  .         Spirit   .     b - +0 hat
rElec  .         Reflect  .     (no cloak)
rCorr  .         Harm     .     h - +0 pair of gloves
MR     .....                    (no boots)
Stlth  +++.......               (no amulet)
                                (no ring)
                                (no ring)

@: very slightly contaminated
A: no striking features
a: no special abilities


You were on level 3 of the Dungeon.
You were not hungry.

You visited 1 branch of the dungeon, and saw 3 of its levels.

You collected 57 gold pieces.

Inventory:

Armour
 a - a +0 robe (worn)
 b - a +0 hat (worn)
 h - a +0 pair of gloves (worn)
Jewellery
 m - an uncursed amulet of guardian spirit {unknown}
Scrolls
 e - a scroll of noise {unknown}
 i - a scroll of blinking {unknown}
 l - 4 scrolls of identify {unknown}
 n - a scroll of immolation {unknown}
 o - a scroll of remove curse {unknown}
 p - a scroll of amnesia {unknown}
 q - a scroll of random uselessness {unknown}
 r - a scroll of enchant weapon {unknown}
Potions
 f - a potion of resistance {unknown}
 u - a potion of brilliance {unknown}
Books
 c - a book of Minor Magic

   Spells                             Type                      Level
   a - Magic Dart                     Conjuration                  1
   b - Blink                          Translocation                2
   c - Call Imp                       Summoning                    2
   d - Repel Missiles                 Charms/Air                   2
   e - Slow                           Hexes                        2
   f - Conjure Flame                  Conjuration/Fire             3
   g - Mephitic Cloud                 Conjuration/Poison/Air       3
Comestibles
 d - a bread ration
 j - 2 meat rations
 k - a chunk of flesh


   Skills:
 - Level 3.0 Dodging
 - Level 4.0 Stealth
 - Level 5.0 Spellcasting
 + Level 4.7 Conjurations
 - Level 1.1 Summonings
 - Level 1.1 Translocations
 + Level 0.2 Air Magic
 + Level 0.0 Poison Magic


You had 3 spell levels left.
You knew the following spells:

 Your Spells              Type           Power        Failure   Level  Hunger
a - Magic Dart            Conj           ####         1%          1    None
b - Call Imp              Summ           ##......     12%         2    None
c - Mephitic Cloud        Conj/Pois/Air  ##......     17%         3    ##.....
d - Conjure Flame         Conj/Fire      ###.....     12%         3    ##.....
e - Blink                 Tloc           N/A          12%         2    None


Dungeon Overview and Level Annotations

Branches:
Dungeon (3/15)

Altars:


Message History

The ogre is severely wounded.
The ogre seems less confused.
The ogre closely misses you.
Casting: Magic Dart
Confirm with . or Enter, or press ? or * to list all spells.
Aiming: Magic Dart
Press: ? - help, Shift-Dir - straight line, f/p - ogre
Aim: an ogre, wielding a giant club (severely wounded)
The magic dart hits the ogre.
The ogre is severely wounded.
The ogre hits you with a giant club!
Casting: Magic Dart
Confirm with . or Enter, or press ? or * to list all spells.
Aiming: Magic Dart
Press: ? - help, Shift-Dir - straight line, f/p - ogre
Aim: an ogre, wielding a giant club (severely wounded)
The magic dart hits the ogre.
The ogre is severely wounded.
The ogre hits you with a giant club!!
Ouch! That really hurt!
You die...

.#.##.........#
.#.#..#...#.### ....
##...##...#.##### ....
................## .....
......#.....###..# .....
.†....#...### ##.#......
......###.######.#.S....
......# #.#.....O(......
......###.#.....@)...S.<
#####..#..#<............
###....##.....†....!..
#....####....(........
#....####..........##.
#..................#
#......###.#########
######....W...........
...###.).....†.....)..


You could see an ogre and 2 adders.

Vanquished Creatures
  A phantom (D:3)
  5 adders
  2 worms (D:2)
  6 dart slugs
  A leopard gecko (D:3)
  4 orcs (D:3)
  3 giant cockroaches (D:1)
  9 goblins
  7 hobgoblins
  2 jackals (D:1)
  5 kobolds
  A quokka (D:2)
  A ball python (D:1)
  6 bats
  A frilled lizard (D:2)
  2 rats
56 creatures vanquished.

Notes
Turn   | Place    | Note
-------+----------+-------------------------------------------
     0 | D:1      | Ladykiller69 the Deep Elf Wizard began the quest for the Orb.
     0 | D:1      | Reached XP level 1. HP: 10/10 MP: 7/7
   275 | D:1      | Reached XP level 2. HP: 15/15 MP: 0/9
   885 | D:1      | Reached XP level 3. HP: 19/19 MP: 0/11
  1010 | D:1      | Reached skill level 5 in Spellcasting
  1477 | D:2      | Learned a level 2 spell: Call Imp
  1481 | D:2      | Learned a level 3 spell: Mephitic Cloud
  1485 | D:2      | Learned a level 3 spell: Conjure Flame
  1488 | D:2      | Learned a level 2 spell: Blink
  1574 | D:2      | Reached XP level 4. HP: 24/24 MP: 9/13
  1730 | D:3      | HP: 1/24 [adder (3)]
  1841 | D:3      | Noticed a phantom
  1882 | D:3      | Killed a phantom
  1882 | D:3      | Reached XP level 5. HP: 28/28 MP: 0/14
  1986 | D:3      | Noticed an ogre
  2002 | D:3      | Slain by an ogre

Skill      XL: |  1  2  3  4 |
---------------+-------------+-----
Stealth        | 3 4 |  4.0
Spellcasting   | 5 |  5.0
Dodging        | 3 |  3.0
Conjurations   | 2 4 |  4.7
Summonings     | |  1.1
Translocations | |  1.1
Air Magic      | |  0.2

Action                   |  1- 3 |  4- 6 || total
-------------------------+-------+-------++-------
Melee: Unarmed           |     6 |    14 ||    20
 Cast: Magic Dart        |   113 |    59 ||   172
       Call Imp          |       |     2 ||     2
       Mephitic Cloud    |       |     2 ||     2
       Blink             |       |     1 ||     1
  Use: Potion            |       |     4 ||     4
 Stab: Confused          |       |     2 ||     2
  Eat: Chunk             |     2 |     1 ||     3
Armor: Robe              |     6 |     4 ||    10
       Skin              |       |    17 ||    17
Dodge: Dodged            |    26 |    26 ||    52
